Map: Catalyseur EC

Players

eukaryon - Winner!

  • Race: Terran Terran
  • League: Diamond
  • Spawn Location: 11:00

HoldTheDoor

  • Race: Protoss Protoss
  • League: Diamond
  • Spawn Location: 5:00

VOD

Have the link to the VOD?

Description

Time

  • Played on: July 4, 2018, 12:44 p.m.
  • Length: 8:15
Show
View Real Time Build Order
Export as new Build Order

eukaryon Terran - Winner!

Build Orders:  

Get SALT Encoding   

  12  0:02  SCV  
  13  0:14  SCV  
  14  0:20  Supply Depot  
  14  0:26  SCV  
  15  0:41  SCV  
  16  0:44  Barracks  
  16  0:49  Refinery  
  16  0:53  SCV  
  17  1:06  SCV  
  18  1:21  SCV  
  19  1:31  Engineering Bay  
  20  1:32  Reaper  
  20  1:36  Orbital Command  
  20  2:06  SCV, Command Center  
  21  2:11  Factory  
  21  2:25  Supply Depot  
  21  2:26  SCV  
  21  2:28  Barracks Reactor  
  22  2:38  SCV, Refinery  
  23  2:50  SCV  
  24  2:57  Bunker  
  24  3:02  SCV, Widow Mine  
  27  3:06  Marine x2  
  29  3:31  Marine x2  
  29  3:32  Widow Mine  
  33  3:38  SCV, Orbital Command  
  33  3:41  Refinery  
  33  3:51  SCV  
  33  3:52  Barracks, Starport  
  33  3:53  Barracks  
  34  4:03  SCV  
  34  4:04  Barracks Tech Lab, Cyclone  
  34  4:09  Cyclone  
  41  4:11  SCV  
  41  4:15  SCV  
  43  4:23  SCV  
  44  4:24  Marine  
  44  4:26  Stimpack  
  45  4:37  SCV  
  46  4:39  Supply Depot  
  46  4:40  Barracks Reactor  
  46  4:41  Barracks Reactor  
  46  4:43  Starport Reactor  
  46  4:56  Supply Depot  
  46  5:00  SCV x2  
  46  5:01  Supply Depot, Marauder  
  46  5:03  Widow Mine x2  
  54  5:15  Engineering Bay  
  54  5:18  SCV x2  
  56  5:22  Marine x2  
  56  5:23  Marauder, Marine x2  
  56  5:24  Supply Depot  
  62  5:30  SCV x2  
  63  5:40  Marine  
  54  5:43  Marine x3  
  54  5:44  Marine  
  45  5:56  Liberator  
  39  5:58  Orbital Command  
  39  6:01  Cyclone x2  
  44  6:06  SCV  
  44  6:10  Marine x2  
  44  6:11  Marine x3  
  53  6:19  SCV  
  54  6:31  Marine  
  54  6:32  Marine x4  
  59  6:33  SCV  
  58  6:49  Marine  
  52  6:56  Marine  
  52  6:57  Marauder, Marine x2  
  53  7:06  Orbital Command  
  53  7:07  Marine  
  54  7:14  Marine  
  55  7:18  Marauder  
  55  7:19  Medivac x2  
  55  7:21  Marine x2  
  63  7:27  Factory Tech Lab  
  63  7:30  Barracks  
  63  7:32  SCV x2  
  65  7:40  Marauder  
  65  7:43  Supply Depot  
Show
View Real Time Build Order
Export as new Build Order

HoldTheDoor Protoss 

Build Orders:  

Get SALT Encoding   

  12  0:00  Probe  
  13  0:12  Probe  
  14  0:19  Pylon  
  14  0:24  Probe  
  15  0:29  Assimilator  
  15  0:37  Probe  
  15  0:41  Gateway  
  16  0:45  Probe  
  16  0:47  Assimilator  
  17  0:53  Probe  
  17  1:04  Probe  
  19  1:14  Assimilator  
  19  1:16  Probe  
  20  1:20  Gateway  
  20  1:28  Probe  
  21  1:38  Pylon  
  21  1:40  Probe  
  21  1:42  Cybernetics Core  
  22  1:52  Probe  
  23  2:09  Stalker x2  
  23  2:15  Probe  
  23  2:21  Warp Gate  
  27  2:25  Pylon  
  27  2:29  Pylon  
  27  2:38  Stalker x2  
  31  2:57  Pylon  
  31  3:08  Stalker x2, Probe  
  36  3:23  Robotics Facility  
  35  3:31  Probe  
  34  3:41  Gateway  
  34  3:51  Gateway  
  34  4:00  Immortal  
  38  4:18  Pylon  
  38  4:27  Stalker  
  40  4:31  Stalker  
  42  4:39  Immortal  
  46  4:53  Stalker  
  48  5:02  Stalker  
  50  5:11  Sentry  
  52  5:17  Stalker  
  30  6:04  Stalker x2  
  30  6:05  Stalker  
  36  6:24  Observer  
  37  6:34  Stalker  
  37  6:37  Probe  
  40  6:50  Nexus  
  40  6:51  Pylon  
  32  6:57  Stalker x2  
  32  7:01  Zealot x2  
  32  7:06  Immortal  
  32  7:09  Probe  
  37  7:25  Probe  
  38  7:32  Stalker  
  40  7:37  Adept  
  38  8:03  Stalker  
  38  8:04  Stalker  
Tags
 
Add a new tag
Caveats
  • Supply blocks, unpowered buildings, or Contaminate may cause inaccurate times.
  • Supply counts are checked every 10 seconds.